 Dungeon Crawl Stone Soup version 0.20-a0-901-g27f6fa8 (webtiles) character file.

1281 Goblin1989 the Slasher (level 8, -9/55 HPs)
             Began as a Demonspawn Monk on Mar 18, 2017.
             Was a Priest of Hepliaklqana.
             Killed from afar by Dingo's ghost (39 damage)
             ... with a bolt of negative energy
             ... on level 6 of the Dungeon on Mar 20, 2017.
             The game lasted 00:19:16 (5573 turns).

Goblin1989 the Slasher (Demonspawn Monk)            Turns: 5573, Time: 00:19:16

Health: -9/55      AC: 17    Str: 14    XL:     8   Next: 29%
Magic:  6/8        EV:  5    Int: 12    God:    Hepliaklqana [***...]
Gold:   243        SH:  4    Dex: 15    Spells: 7/7 levels left

rFire    . . .     SeeInvis .   a - +0 falchion
rCold    . . .     Gourm    .   A - +0 chain mail
rNeg     . . .     Faith    .   u - +0 buckler
rPois    .         Spirit   .   x - +2 helmet
rElec    .         Reflect  .   (no cloak)
rCorr    .         Harm     .   k - +0 pair of gloves
MR       .....                  (no boots)
Stlth    ..........             (no amulet)
Regen    0.2/turn               g - ring of loudness (curse)
MPRegen  0.2/turn               f - +5 ring of protection

@: heavily drained
A: reduced essence, talons 2, powered by death 1
a: Recall Ancestor, Ancestor Identity, Transference, Renounce Religion


You were on level 6 of the Dungeon.
You worshipped Hepliaklqana.
Hepliaklqana was most pleased with you.
You were not hungry.

You visited 1 branch of the dungeon, and saw 6 of its levels.

You collected 263 gold pieces.
You spent 20 gold pieces at shops.

Inventory:

Hand Weapons
 a - a +0 falchion (weapon)
Armour
 k - a +0 pair of gloves (worn)
 u - a +0 buckler (worn)
 x - a +2 helmet (worn)
 A - a +0 chain mail (worn)
Jewellery
 f - a +5 ring of protection (left hand)
 g - a cursed ring of loudness (right hand)
 q - an uncursed ring of wizardry {unknown}
 z - an uncursed ring of fire {unknown}
Scrolls
 j - a scroll of fear {unknown}
 l - a scroll of blinking {unknown}
 n - 3 scrolls of teleportation {unknown}
 p - a scroll of recharging {unknown}
 r - 3 scrolls of remove curse {unknown}
 s - a scroll of noise {unknown}
 t - a scroll of magic mapping {unknown}
 w - a scroll of amnesia {unknown}
 y - 2 scrolls of enchant armour {unknown}
 R - 3 scrolls of identify {@r1}
Potions
 b - a potion of heal wounds
 d - a potion of might
 h - a potion of magic
 i - a potion of agility
 o - 2 potions of berserk rage
Comestibles
 c - 7 fruits
 e - 2 bread rations {@e1}
 m - a royal jelly
 v - 9 chunks of flesh


   Skills:
 + Level 5.0(3.2) Fighting
 * Level 7.7(5.8) Long Blades
 + Level 2.0(0.4) Armour
 - Level 2.6(1.0) Dodging
 - Level 1.7(0.1) Stealth
 + Level 3.5(1.8) Shields


You had 7 spell levels left.
You didn't know any spells.

Dungeon Overview and Level Annotations

Branches:
Dungeon (6/15)             Temple (0/1) D:5

Altars:
Dithmenos
Hepliaklqana
Kikubaaqudgha
Sif Muna
Vehumet

Shops:
D:4 *

Annotations:
D:3 exclusion: door
D:6 Dingo's ghost, novice DrTm


Innate Abilities, Weirdness & Mutations

You have razor-sharp toenails.
You regenerate a little health from kills.
Your life essence is reduced. (-10% HP)


Message History

The crimson imp hits you but does no damage.
You hit the crimson imp. Your kick misses the crimson imp.
The crimson imp is almost dead.
The adder skeleton bites Senakhtenre.
Senakhtenre barely misses the adder skeleton.
You block the crimson imp's attack.
You hit the crimson imp.
You kill the crimson imp!
Your Fighting skill increases to level 5!
The adder skeleton barely misses Senakhtenre.
Senakhtenre hits the adder skeleton with a quarterstaff.
Health restored: 55 You swap places.
The adder skeleton closely misses you.
Senakhtenre casts a spell at the adder skeleton.
The puff of frost hits the adder skeleton.
The adder skeleton resists.
The adder skeleton closely misses you.
You hit the adder skeleton. Your kick misses the adder skeleton.
The adder skeleton is almost destroyed.
The adder skeleton bites you but does no damage.
You hit the adder skeleton.
You destroy the adder skeleton!
No target in view!
No target in view!
No target in view!
No target in view!
No target in view!
No target in view!
No target in view!
No target in view!
No target in view!
No target in view!
No target in view!
No target in view!
No target in view!
No target in view!
No target in view!
No target in view!
No target in view!
No target in view!
No target in view!
No target in view!
No target in view!
No target in view!
Dingo's ghost (novice White Draconian Transmuter) comes into view.
Dingo's ghost breathes negative energy at you.
The bolt of negative energy hits you!
You feel drained.
Senakhtenre casts a spell at Dingo's ghost.
The puff of frost misses Dingo's ghost.
Dingo's ghost hits you but does no damage.
You hit Dingo's ghost. Your kick misses Dingo's ghost.
Dingo's ghost is lightly damaged.
Dingo's ghost hits you but does no damage.
You hit Dingo's ghost.
Dingo's ghost is lightly damaged.
Dingo's ghost breathes negative energy at you.
The bolt of negative energy hits you!
You feel drained.
The bolt of negative energy hits Senakhtenre.
Senakhtenre completely resists.
You are too injured to fight recklessly!
You take 24 damage, and have 31/55 hp.
MASSIVE DAMAGE!!
You are too injured to fight recklessly!
You are too injured to fight recklessly!
You are too injured to fight recklessly!
You are too injured to fight recklessly!
You are too injured to fight recklessly!
You are too injured to fight recklessly!
You are too injured to fight recklessly!
You are too injured to fight recklessly!
You are too injured to fight recklessly!
You are too injured to fight recklessly!
You are too injured to fight recklessly!
You are too injured to fight recklessly!
You are too injured to fight recklessly!
You are too injured to fight recklessly!
Unknown command.
Select a target.
Press: ? - help, Dir - move target cursor, f - Dingo's ghost
Aim: Dingo's ghost (lightly damaged, catching its breath)
The floor.
Dingo's ghost swaps with Senakhtenre!
Dingo's ghost hits you.
Senakhtenre completely misses Dingo's ghost.
You take 2 damage, and have 29/55 hp.
You now have 6/8 mp.
Select a target.
Press: ? - help, Dir - move target cursor, f/p - Dingo's ghost
Aim: Dingo's ghost (thin mist, lightly damaged, catching its breath)
The floor.
Okay, then.
Unknown command.
Unknown command.
Your chain mail prevents you from hitting Dingo's ghost.
Dingo's ghost is lightly damaged.
You block Dingo's ghost's attack.
Senakhtenre hits Dingo's ghost with a quarterstaff!
Unknown command.
You completely miss Dingo's ghost.
Dingo's ghost is moderately damaged.
Dingo's ghost breathes negative energy at you.
The bolt of negative energy hits you!
You feel drained.
Ouch! That really hurt!
You die...

█............█ ███.
█...........████.... ███
█...........█.......
..███.████......█.......
.......█ █..........█
.......█ █..........█
.......█ █.........██
..███▲████.........██...
..R.............@W......
.........███████R..█████
.........█ ....█
█...██████ ...███ █...█
█...█ █...█ ..... ....█
...... ..███ .......


You could see the friendly Senakhtenre the battlemage and Dingo's ghost.

Vanquished Creatures
  An ice beast (D:5)
  2 howler monkeys (D:4)
  A crimson imp (D:6)
  A gnoll shaman (D:5)
  A hound (D:5)
  3 orc priests
  Ijyb (D:2)
  An orc wizard (D:5)
  2 worker ants
  A worker ant zombie (D:5)
  A gnoll (D:5)
  6 adders
  2 shadow imps (D:5)
  3 oozes
  2 adder skeletons
  3 worms
  4 dart slugs
  A leopard gecko (D:2)
  10 orcs
  4 giant cockroaches
  2 goblins
  10 hobgoblins
  2 jackals (D:4)
  2 quokkas
  6 bats
  6 frilled lizards
  A giant cockroach zombie (D:5)
  7 kobolds
  9 rats
95 creatures vanquished.

Vanquished Creatures (collateral kills)
  A phantom (D:4)
  A necrophage (D:5)
  2 scorpions
  A bullfrog zombie (D:5)
  3 hounds (D:4)
  A jelly (D:5)
  2 bullfrog skeletons (D:5)
  2 orc wizards (D:5)
  A worker ant (D:4)
  A howler monkey skeleton (D:4)
  2 adders (D:4)
  4 gnolls (D:5)
  2 adder skeletons
  A dart slug (D:4)
  2 orcs (D:5)
  A giant cockroach (D:4)
  4 jackals (D:4)
  A quokka (D:4)
32 creatures vanquished.

Vanquished Creatures (others)
  A battlemage (D:5)
1 creature vanquished.

Grand Total: 128 creatures vanquished

Notes
Turn   | Place    | Note
-------+----------+-------------------------------------------
     0 | D:1      | Goblin1989 the Demonspawn Monk began the quest for the Orb.
     0 | D:1      | Reached XP level 1. HP: 18/18 MP: 1/1
    85 | D:1      | Reached skill level 3 in Long Blades
    89 | D:1      | Gained mutation: You have sharp toenails. [demonic ancestry]
    89 | D:1      | Reached XP level 2. HP: 4/24 MP: 2/2
   792 | D:2      | Noticed Ijyb
   810 | D:2      | Killed Ijyb
   810 | D:2      | Reached skill level 4 in Long Blades
   810 | D:2      | Reached XP level 3. HP: 23/29 MP: 3/3
  1164 | D:2      | Upgraded the game from 0.20-a0-899-g09a9bfb to 0.20-a0-901-g27f6fa8
  1306 | D:2      | Reached XP level 4. HP: 35/35 MP: 4/4
  1962 | D:3      | Found a deep blue altar of Sif Muna.
  2142 | D:3      | Reached skill level 5 in Long Blades
  2149 | D:3      | Gained mutation: You regenerate a little health from kills. [demonic ancestry]
  2149 | D:3      | Reached XP level 5. HP: 35/41 MP: 5/5
  3060 | D:3      | Found an ancient bone altar of Kikubaaqudgha.
  3060 | D:3      | Found a hazy altar of Hepliaklqana.
  3119 | D:3      | Became a worshipper of Hepliaklqana the Forgotten
  3119 | D:3      | Reached * piety under Hepliaklqana
  3119 | D:3      | Reached ** piety under Hepliaklqana
  3120 | D:3      | Remembered your ancestor Senakhtenre as a battlemage
  3186 | D:4      | Reached XP level 6. HP: 36/42 MP: 6/6
  3201 | D:4      | Reached skill level 1 in Shields
  3206 | D:4      | Reached skill level 6 in Long Blades
  3407 | D:4      | Found Ubauc's General Store.
  3431 | D:4      | Bought a scroll of identify for 20 gold pieces
  3648 | D:4      | Gained mutation: You have razor-sharp toenails. [demonic ancestry]
  3648 | D:4      | Reached XP level 7. HP: 35/47 MP: 7/7
  3712 | D:5      | Entered Level 5 of the Dungeon
  3963 | D:5      | Reached *** piety under Hepliaklqana
  4475 | D:5      | Reached skill level 7 in Long Blades
  4643 | D:5      | Reached skill level 1 in Armour
  5004 | D:5      | Found a staircase to the Ecumenical Temple.
  5251 | D:5      | Reached XP level 8. HP: 54/54 MP: 8/8
  5465 | D:5      | Found a shadowy altar of Dithmenos.
  5465 | D:5      | Found a radiant altar of Vehumet.
  5558 | D:6      | Reached skill level 5 in Fighting
  5565 | D:6      | Noticed Dingo's ghost (novice DrTm)
  5573 | D:6      | Killed from afar by Dingo's ghost

Vault maps used:
D:1:      lightli_molten_gateway, due_unseen_surprise
D:2:      uniq_iyjb
D:3:      amethyst_overflow_temple_binary, first_bread, led_sif_book
D:4:      serial_shops, nicolae_shop_trees
D:5:      minitemple, minmay_temple_entry_poolview
D:6:      minmay_holes

Skill      XL: |  1  2  3  4  5  6  7  8 |
---------------+-------------------------+-----
Long Blades    | 3 4 5 6 7 |  7.7
Shields        | 2 3 |  3.5
Fighting       | 4 5 |  5.0
Armour         | 1 2 |  2.0
Dodging        | |  2.6
Stealth        | |  1.7

Action                   |  1- 3 |  4- 6 |  7- 9 || total
-------------------------+-------+-------+-------++-------
Melee: Falchion          |    99 |   221 |   232 ||   552
       Kick              |    16 |    81 |    74 ||   171
Invok: Ancestor Life: Ba |       |     1 |       ||     1
       Transference      |       |       |     1 ||     1
  Use: Scroll            |       |     3 |       ||     3
       Potion            |       |       |     2 ||     2
 Stab: Sleeping          |     2 |     1 |       ||     3
       Distracted        |       |       |     3 ||     3
  Eat: Chunk             |     1 |     8 |     4 ||    13
       Fruit             |       |       |     3 ||     3
Armor: Robe              |    34 |    65 |    20 ||   119
       Chain mail        |       |       |    91 ||    91
Dodge: Dodged            |    76 |   121 |    56 ||   253
Block: Buckler           |       |    20 |    36 ||    56
       Rpst.: Falchion   |    23 |    37 |    14 ||    74

Vault maps used:
D:1:      lightli_molten_gateway, due_unseen_surprise
D:2:      uniq_iyjb
D:3:      amethyst_overflow_temple_binary, first_bread, led_sif_book
D:4:      serial_shops, nicolae_shop_trees
D:5:      minitemple, minmay_temple_entry_poolview
D:6:      minmay_holes
